 Dungeon Crawl Stone Soup version 0.24-a0-10-gb84795d (webtiles) character file.

Game seed: 3054329004223240697

25 Lanoc the Skirmisher (level 2, -2/24 HPs)
             Began as a Demonspawn Chaos Knight on Jan 31, 2019.
             Was a Plaything of Xom.
             Slain by a worm (10 damage)
             ... on level 2 of the Dungeon.
             The game lasted 00:01:06 (853 turns).

Lanoc the Skirmisher (Demonspawn Chaos Knight)       Turns: 853, Time: 00:01:07

Health: -2/24      AC:  5    Str: 12    XL:     2   Next: 86%
Magic:  2/2        EV: 14    Int: 10    God:    Xom [..*...]
Gold:   87         SH:  0    Dex: 12    Spells: 1/1 levels left

rFire    . . .     SeeInvis .   a - +0 hand axe (chaos)
rCold    . . .     Gourm    .   (no shield)
rNeg     . . .     Faith    .   b - +2 leather armour
rPois    .         Spirit   .   (no helmet)
rElec    .         Reflect  .   (no cloak)
rCorr    .         Harm     .   (no gloves)
MR       .....                  (no boots)
Stlth    ++........             (no amulet)
HPRegen  0.08/turn              j - -3 ring of intelligence (curse)
MPRegen  0.08/turn              g - +3 ring of evasion

@: no status effects
A: nightstalker 1
a: Renounce Religion


You were on level 2 of the Dungeon.
You worshipped Xom.
You were a toy of Xom.
You were not hungry.

You visited 1 branch of the dungeon, and saw 2 of its levels.

You collected 87 gold pieces.

Inventory:

Hand Weapons
 a - a +0 hand axe of chaos (weapon)
Armour
 b - a +2 leather armour (worn)
Jewellery
 g - a +3 ring of evasion (right hand)
 j - a cursed -3 ring of intelligence (left hand)
Scrolls
 d - 2 scrolls of teleportation {unknown}
 e - a scroll of enchant armour {unknown}
 h - 2 scrolls of identify {unknown}
 k - 2 scrolls of remove curse {unknown}
Potions
 f - a potion of haste {unknown}
 i - a potion of lignification {unknown}
 l - a potion of resistance {unknown}
Comestibles
 c - 3 rations


   Skills:
 + Level 3.3 Fighting
 * Level 2.9 Axes
 + Level 2.1 Armour
 + Level 1.5 Dodging


You had one spell level left.
You didn't know any spells.
Your spell library was empty.

Dungeon Overview and Level Annotations

Branches:
Dungeon (2/15)

Altars:


Innate Abilities, Weirdness & Mutations

You are slightly more attuned to the shadows.


Message History

You hit the frilled lizard.
You kill the frilled lizard!
A hobgoblin comes into view. It is wielding a +0 club.
The worm bites you!
There is an escape hatch in the ceiling, spattered with blood here.
You see here a frilled lizard corpse.
You are too injured to fight recklessly!
You are too injured to fight recklessly!
You are too injured to fight recklessly!
You hit the worm.
The worm is poisoned.
The worm is moderately wounded.
The hobgoblin shouts!
A worm comes into view.
You hit the worm.
The worm looks as sick as possible!
The worm is heavily wounded.
The worm bites you.
You hit the worm but do no damage.
The worm is severely wounded.
The worm bites you!
You die...

#..#.....# #........#
.....#..### #..#.....#
......w... ....#.....#
.........###.#..#.....#
...g...................
#.......#..#....#.....#
........#..#..........#
.....w@................
#..........#..#.#.#....
#..........#..#.#.#..##
.......##?....#.#.#...#
#......................
......................#
......###.#######.#.#.#
# ### #.#.... #....†.


You could see 2 worms and a hobgoblin.

Vanquished Creatures
  A worm (D:2)
  A dart slug (D:1)
  2 leopard geckos
  3 bats
  A giant cockroach (D:2)
  2 goblins
  2 hobgoblins (D:1)
  2 frilled lizards
  2 kobolds (D:1)
  3 rats (D:1)
19 creatures vanquished.

Notes
Turn   | Place    | Note
-------+----------+-------------------------------------------
     0 | D:1      | Lanoc the Demonspawn Chaos Knight began the quest for the
                  | Orb.
     0 | D:1      | Reached XP level 1. HP: 18/18 MP: 1/1
    44 | D:1      | Reached skill level 1 in Dodging
   117 | D:1      | Gained mutation: You are slightly more attuned to the
                  | shadows. [demonic ancestry]
   117 | D:1      | Reached XP level 2. HP: 12/24 MP: 2/2
   641 | D:1      | XOM: divination: magic mapping
   853 | D:2      | Slain by a worm

Vault maps used:
D:1:      minmay_arrival_four_houses
D:2:      lemuel_crystal_altar, chequers_ecumenical_altar_island

Skill      XL: |  1 |
---------------+----+-----
Dodging        | 1 |  1.5
Armour         | 2 |  2.1
Fighting       | |  3.3
Axes           | |  2.9

Action                   || total
-------------------------++-------
Melee: Hand axe          ||    59
 Stab: Sleeping          ||     2
Armor: Leather armour    ||    17
Dodge: Dodged            ||    29

Table legend:
 A = Non-vault XP
 B = Vault XP
 C = Vault XP percentage of total XP
 D = Non-vault monster count
 E = Vault monster count
 F = Vault count percentage of total count
                 A         B        C        D         E       F
            +---------+---------+-------+---------+---------+-------
      Total |      37 |       0 |   0.0 |      19 |       0 |   0.0
            +---------+---------+-------+---------+---------+-------
        D:1 |      23 |       0 |   0.0 |      13 |       0 |   0.0
        D:2 |      14 |       0 |   0.0 |       6 |       0 |   0.0
            +---------+---------+-------+---------+---------+-------
